 Dungeon Crawl Stone Soup version 0.31.0-9-g3a7656b989 (webtiles) character file.

Game seed: 11227165111483859134

56 qw the Shooter (level 3, 0/18 HPs)
             Began as a Spriggan Hunter on Feb 2, 2024.
             Succumbed to their own poison gas
             ... on level 2 of the Dungeon.
             The game lasted 00:00:06 (1757 turns).

qw the Shooter (Spriggan Hunter)                    Turns: 1757, Time: 00:00:06

Health: 0/18       AC:  2    Str:  7    XL:     3   Next: 69%
Magic:  4/4        EV: 19    Int: 10    God:
Gold:   129        SH:  0    Dex: 20    Spells: 2/2 levels left

rFire   . . .        a - +0 shortbow
rCold   . . .        (shield currently unavailable)
rNeg    . . .        c - +0 robe
rPois   .            (helmet restricted)
rElec   .            (no cloak)
rCorr   .            (gloves unavailable)
SInv    +            (boots unavailable)
Will    .....        (no amulet)
Stlth   ++           (no ring)
HPRegen 0.23/turn    (no ring)
MPRegen 0.09/turn

%: no passive effects
@: lethally poisoned (0 -> -1), very quick
A: very small, no large weapons, unfitting armour, see invisible, speed 3
a: no special abilities


You were on level 2 of the Dungeon.
You visited 1 branch of the dungeon, and saw 2 of its levels.

You collected 129 gold pieces.


Innate Abilities, Weirdness & Mutations

You are very small and have problems with some larger weapons.
You are too small for most types of armour.
You have supernaturally acute eyesight. (SInv)
You cover ground extremely quickly. (Speed+++)


   Skills:
 - Level 1.5 Fighting
 + Level 4.9 Ranged Weapons
 - Level 4.0 Dodging
 - Level 1.5 Stealth


You had 2 spell levels left.
You didn't know any spells.
Your spell library was empty.

Inventory:

Hand Weapons
 a - a +0 shortbow (weapon)
Armour
 c - a +0 robe (worn)
Scrolls
 f - a scroll of teleportation
Potions
 e - a potion of might
 i - a potion of invisibility {unknown}

Dungeon Overview and Level Annotations

Branches:
Dungeon (2/15)

Altars:
Ashenzari

Shops:
D:1 :


Message History

Enter note:
Enter note:
Enter note:
Enter note:
Enter note:
Enter note:
Enter note:
Enter note:
Enter note:
Enter note:
Enter note:
Enter note:
Enter note:
Enter note:
Enter note:
Enter note:
Enter note:
Enter note: You are engulfed in poison gas.
You are poisoned.
You feel sick.
1749 ||| Stepping ~*~*~tactically~*~*~ (cloud).
You feel sick.
You see here a potion of attraction.
There is a lethal amount of poison in your body!
You feel sick.
There is a lethal amount of poison in your body!
You feel sick.
There is a lethal amount of poison in your body!
You feel sick.
There is a lethal amount of poison in your body!
You feel sick.
There is a lethal amount of poison in your body!
You feel sick.
There is a lethal amount of poison in your body!
You feel sick.
There is a lethal amount of poison in your body!
You feel sick.
There is a lethal amount of poison in your body!
You die...

### ##### ##### #.# #.¤.##
#.#.##### #.##7707..####.......#
#..7PP@77........###.#
###########.770¤¤P77####.....#.#
............7PP0P0P7..)#...#.#.#
###########.7P000¤77##.#...#.#.#
#.7P¤¤P777##.#...#.#.#
#.#770¤77.##.#.......# #####
#.#'7777#.##.#..##.### #...#
#.....###(##.#..##.# #####...#
#..................#


There were no monsters in sight!

Vanquished Creatures
  A ribbon worm (D:2)
  6 ball pythons
  4 bats (D:2)
  9 endoplasms
  2 giant cockroaches (D:2)
  3 goblins
  3 hobgoblins (D:1)
  2 jackals (D:2)
  2 quokkas
  A frilled lizard (D:2)
  9 kobolds
  4 rats
46 creatures vanquished.

Notes
Turn   | Place    | Note
-------+----------+-------------------------------------------
     0 | D:1      | qw the Spriggan Hunter began the quest for the Orb.
     0 | D:1      | Reached XP level 1. HP: 10/10 MP: 2/2
     0 | D:1      | 0 ||| qw: Version: 0.3-a-155-g5e7d8dd
     0 | D:1      | 0 ||| qw: Game counter: 1620
     0 | D:1      | 0 ||| qw: Melee chars always use a shield: true
     0 | D:1      | 0 ||| qw: God list: Okawaru
     0 | D:1      | 0 ||| qw: Allow faded altars: false
     0 | D:1      | 0 ||| qw: Do Orc after clearing Dungeon:15 true
     0 | D:1      | 0 ||| qw: Do second Lair branch before Depths: true
     0 | D:1      | 0 ||| qw: Lair rune preference: random
     0 | D:1      | 0 ||| qw: Goals: Normal
     0 | D:1      | 0 ||| PLANNING D:1-11
    31 | D:1      | Reached skill level 3 in Dodging
   117 | D:1      | Reached XP level 2. HP: 14/14 MP: 3/3
   263 | D:1      | Found Atriwuef's Book Shop.
   446 | D:1      | 446 ||| READING scroll labelled NEUMOL VOGE.
   547 | D:1      | 547 ||| READING scroll labelled ZEOM KELAMM.
   547 | D:1      | 547 ||| IDENTIFYING scroll labelled EXKOEM LILAD
   548 | D:1      | 548 ||| DROPPING scroll of butterflies.
   664 | D:2      | Reached XP level 3. HP: 18/18 MP: 4/4
   774 | D:2      | Found a broken altar of Ashenzari.
   851 | D:2      | Found a faded altar of an unknown god.
  1743 | D:2      | 1743 ||| READING 2 scrolls of identify.
  1743 | D:2      | 1743 ||| IDENTIFYING fizzy ruby potion
  1744 | D:2      | 1744 ||| READING scroll of identify.
  1744 | D:2      | 1744 ||| IDENTIFYING amethyst potion
  1745 | D:2      | 1745 ||| READING scroll labelled QEGHAS TUUMU.
  1746 | D:2      | 1746 ||| READING scroll labelled JUULUL YPSIU.
  1747 | D:2      | 1747 ||| DROPPING potion of attraction.
  1749 | D:2      | 1749 ||| Stepping ~*~*~tactically~*~*~ (cloud).
  1752 | D:2      | HP: 4/18 [poisoned by you (poison gas)]
  1756 | D:2      | HP: 1/18 [poisoned by you (poison gas)]
  1757 | D:2      | Succumbed to their own poison gas

Levels and vault maps discovered:
D:1:      ncdulo_lavacross, layout_rooms, serial_shops, shop_fountains
D:2:      minmay_inner_zag, layout_basic, basic_altar,
          dreamdust_ecumenical_altar_grove, serial_forest,
          infiniplex_forest_straight_1, infiniplex_forest_lined_room_2,
          infiniplex_forest_clump_diagonal, infiniplex_forest_clump_long,
          infiniplex_forest_end_2, infiniplex_forest_end_2, st_stairs_1

Skill      XL: |  1  2 |
---------------+-------+-----
Dodging        | 3 4 |  4.0
Fighting       | |  1.5
Ranged Weapons | |  4.9
Stealth        | |  1.5

Action                     || total
---------------------------++-------
   Fire: Shortbow          ||   127
    Use: Scroll            ||     6
 Armour: Robe              ||    14
  Dodge: Dodged            ||    52

Table legend:
 A = Non-vault XP
 B = Vault XP
 C = Vault XP percentage of total XP
 D = Non-vault monster count
 E = Vault monster count
 F = Vault count percentage of total count
                 A         B        C        D         E       F
            +---------+---------+-------+---------+---------+-------
      Total |      63 |      17 |  21.2 |      38 |       8 |  17.4
            +---------+---------+-------+---------+---------+-------
        D:1 |      31 |       0 |   0.0 |      18 |       0 |   0.0
        D:2 |      32 |      17 |  34.7 |      20 |       8 |  28.6
            +---------+---------+-------+---------+---------+-------
